 Crawl Stoat Soup version 0.23-s2-263-g7eabfd7 (webtiles) character file.

20871 Caterwaul the Carver (level 12, -32/89 HPs)
             Began as a High Elf Skald on Aug 24, 2023.
             Was a Priest of the Shining One.
             Annihilated by a frost giant
             ... wielding a +0 battleaxe of freezing
              (34 damage)
             ... in an ice cave.
             The game lasted 00:32:25 (24738 turns).

Caterwaul the Carver (High Elf Skald)              Turns: 24738, Time: 00:32:26

Health: -32/89     AC:  6    Str: 19    XL:     12   Next: 49%
Magic:  13/15 (20) EV: 16    Int: 17    God:    the Shining One [***...]
Gold:   716        SH:  6    Dex: 15    Spells: 9/21 levels left

rFire    . . .     SeeInvis .   G - +0 long sword
rCold    + + .     Gourm    .   K - +1 buckler {rF+}
rNeg     + . .     Faith    .   F - +0 troll leather armour
rPois    +         Spirit   .   s - +0 helmet
rElec    .         Warding  .   (no cloak)
rCorr    .         Reflect  .   j - +0 pair of gloves
MR       +....     Harm     .   (no boots)
Stlth    +.........             (no amulet)
HPRegen  0.64/turn              C - ring of ice
MPRegen  0.17/turn              M - ring of protection from cold

@: mighty, glowing, infusing, unshrouded, singing, 5 MP reserved for charms,
0.05 MP regen used to sustain charms
A: clumsy 1, poison resistance
a: Divine Shield, Renounce Religion, End Permanent Enchantments


You were in an ice cave.
You worshipped the Shining One.
The Shining One was most pleased with you.
You were not hungry.

You visited 3 branches of the dungeon, and saw 13 of its levels.
You also visited: Ice Cave.

You collected 742 gold pieces.
You spent 26 gold pieces at shops.

Inventory:

Hand Weapons
 G - a +0 long sword (weapon)
Missiles
 h - 10 javelins
 w - 15 poisoned darts (quivered)
 y - 5 steel javelins
Armour
 j - a +0 pair of gloves (worn)
 s - a +0 helmet (worn)
 F - a +0 troll leather armour (worn)
 J - a +2 hat
 K - a +1 buckler of fire resistance (worn)
Jewellery
 b - an uncursed ring of magical power
 q - an uncursed ring of resist corrosion
 C - a ring of ice (left hand)
 I - an uncursed ring of protection from fire
 M - a ring of protection from cold (right hand)
Wands
 n - 3 wands of iceblast (22 charges)
 r - a wand of clouds (10 charges)
 z - 2 wands of paralysis (14 charges)
 B - a wand of charm monster (4 charges)
Scrolls
 e - 5 scrolls of teleportation
 f - 8 scrolls of remove curse
 g - 3 scrolls of fog
 l - 4 scrolls of immolation
 p - 4 scrolls of enchant weapon
 A - a scroll of enchant armour
 D - a scroll of magic mapping {unknown}
 E - a scroll of noise {unknown}
 H - a scroll of fear {unknown}
 L - a scroll of amnesia {unknown}
Potions
 c - 5 potions of curing
 i - a potion of cancellation
 k - 5 potions of agility
 m - 5 potions of mutation
 o - a potion of resistance
 t - a potion of brilliance {unknown}
 u - a potion of might
 v - 6 potions of lignification
 x - a potion of haste {unknown}
Comestibles
 a - 2 meat rations
 d - 9 bread rations


   Skills:
 + Level 10.7 Fighting
 + Level 14.3 Long Blades
 - Level 3.2 Armour
 - Level 10.0 Dodging
 - Level 5.0 Shields
 - Level 5.0 Spellcasting
 - Level 7.0 Charms
 - Level 2.0 Translocations
 - Level 5.1 Invocations


You had 9 spell levels left.
You knew the following spells:

 Your Spells              Type           Power        Failure   Level  Hunger
a - Infusion              Chrm           25/25        1%          1    None
b - Song of Slaying       Chrm           28/100       1%          2    #......
c - Shroud of Golubria    Chrm/Tloc      19/50        3%          2    #......
d - Spectral Weapon       Hex/Chrm       16/100       12%         3    ###....
e - Regeneration          Chrm/Necr      16/200       36%         4    ####...

Your spell library contained the following spells:

 Spells                   Type           Power        Failure   Level  Hunger
 Ozocubu's Armour         Chrm/Ice       24/100       12%         3    ###....
 Confusing Touch          Hex            4/50         17%         1    None
 Freeze                   Ice            6/25         17%         1    None
 Gell's Gravitas          Tloc           11/200       22%         3    ###....
 Ensorcelled Hibernation  Hex/Ice        6/50         26%         2    #......
 Throw Frost              Conj/Ice       6/50         26%         2    #......
 Confuse                  Hex            4/100        45%         3    ###....
 Dazzling Spray           Conj/Hex       4/50         45%         3    ###....
 Tukima's Dance           Hex            4/100        45%         3    ###....
 Iskenderun's Battlesphe  Conj/Chrm      16/100       73%         5    ######.
 Petrify                  Tmut/Erth      4/100        86%         4    ####...
 Summon Ice Beast         Ice/Summ       6/100        86%         4    ####...
 Throw Icicle             Conj/Ice       6/100        86%         4    ####...
 Bolt of Magma            Conj/Fire/Erth 4/200        99%         5    ######.
 Metabolic Englaciation   Hex/Ice        6/200        99%         5    ######.
 Yara's Violent Unravell  Hex/Tmut       4/200        99%         5    ######.
 Iron Shot                Conj/Erth      4/200        100%        6    #######
 Velakast's Superior Rad  Hex/Pois       4/200        100%        6    #######
 Orb of Destruction       Conj           4/200        100%        7    #######
 Spellforged Servitor     Conj/Summ      4/200        100%        7    #######


Dungeon Overview and Level Annotations

Branches:
Dungeon (10/15)            Temple (1/1) D:5            Lair (2/6) D:9
    Orc (0/2) D:9
  Swamp: Lair:2-4    Shoals: Lair:2-4     Snake: Lair:2-4    Spider: Lair:2-4

Altars:
Ashenzari
Cheibriados
Dithmenos
Elyvilon
Fedhas
Gozag
Hepliaklqana Ihp'ix
Kikubaaqudgha
Makhleb
Nemelex Xobeh
Okawaru
Qazlal
Ru
Sif Muna
Trog
Uskayaw
Vehumet
Wu Jian
Xom
Yredelemnul
Zin
The Shining One
Beogh

Shops:
D:4 *   D:7 =   D:10 (


Innate Abilities, Weirdness & Mutations

You are clumsy. (Dex -2)
Your system is resistant to poisons. (rPois)


Message History

The frost giant hits you with a battleaxe of freezing!!!
Your shroud falls apart!
The frost giant freezes you.
You hit the frost giant!
The frost giant is lightly wounded.
The frost giant hits you with a battleaxe of freezing!!
The frost giant freezes you.
* * * LOW HITPOINT WARNING * * *
You slash the frost giant!!
The frost giant is moderately wounded.
You hit the frost giant.
The frost giant is moderately wounded.
The frost giant hits you with a battleaxe of freezing!!
* * * LOW HITPOINT WARNING * * *
You slash the frost giant!
The frost giant is moderately wounded.
You slash the frost giant!
The frost giant is heavily wounded.
The frost giant hits you with a battleaxe of freezing!!
You die...

$. #(## ###. #####.(#
##h.. ###....### #.Y.h
##...#....###
#..C###..####.....##
#h..##..#####.....###
###YY###.#.#####....##
#..###...⌠.# ##....#
###.#@#...## ###...
##C###### #########.
### ###....##.÷.
###...#....###
###....#######
##...#### ####...## ##
#.....## ###.
#.#.....## #..#


You could see a frost giant.

Vanquished Creatures
  Harold (D:8)
  3 two-headed ogres
  A death yak (IceCv)
  An unseen horror (D:9)
  Pikel (D:9)
  2 spiny frogs (Lair:1)
  An ice statue (IceCv)
  Joseph (D:9)
  3 rime drakes
  A troll (D:9)
  11 polar bears (IceCv)
  7 blink frogs
  A vampire (D:10)
  A wyvern (D:7)
  12 yaks
  2 hippogriffs
  Grum (D:9)
  2 wargs
  A water moccasin (Lair:1)
  2 porcupines
  2 sky beasts
  2 orc warriors (D:9)
  An ice beast (D:9)
  2 black bears
  3 eyes of draining (D:8)
  5 centaurs
  2 ogres
  29 wolves
  4 crocodiles
  A big kobold (D:10)
  10 bullfrogs
  Blork the orc (D:4)
  6 scorpions
  A wyvern skeleton (D:6)
  7 wights
  An electric eel (D:9)
  4 howler monkeys
  3 goliath beetles
  3 bullfrog zombies
  A quasit (D:10)
  A centaur zombie (D:10)
  A jelly (D:10)
  5 orc priests
  2 bullfrog skeletons (D:4)
  2 hounds (D:10)
  4 centaur skeletons
  2 gnoll shamans
  4 iguanas
  Natasha (thrice) (D:4)
  8 orc wizards
  10 worker ants
  A killer bee zombie (D:9)
  A centaur simulacrum (D:9)
  A hound skeleton (D:4)
  Robin (D:2)
  12 gnolls
  A worker ant zombie (D:8)
  17 adders
  A shadow imp (D:6)
  4 white imps
  2 ufetubi
  An adder zombie (D:6)
  3 adder skeletons
  2 worms (D:3)
  2 dart slugs
  4 leopard geckos
  44 orcs
  A ball python (D:2)
  8 bats
  6 giant cockroaches
  24 goblins
  7 hobgoblins
  26 jackals
  2 weasels
  9 frilled lizards
  A jackal skeleton (D:4)
  8 kobolds
  5 rats
  A fungus (D:9)
380 creatures vanquished.

Vanquished Creatures (others)
  4 slaves (D:9)
  2 bullfrogs
  An orc (D:3)
  A goblin (D:2)
  5 fungi (D:9)
  3 spectral weapons
16 creatures vanquished.

Grand Total: 396 creatures vanquished

Notes
Turn   | Place    | Note
-------+----------+-------------------------------------------
     0 | D:1      | Caterwaul the High Elf Skald began the quest for the Orb.
     0 | D:1      | Reached XP level 1. HP: 14/14 MP: 4/4
   159 | D:1      | Reached skill level 3 in Long Blades
   503 | D:1      | Reached XP level 2. HP: 19/19 MP: 3/6
  1252 | D:1      | Reached skill level 4 in Long Blades
  1389 | D:1      | Found a shattered altar of Ashenzari.
  1418 | D:1      | Learned a level 2 spell: Song of Slaying
  1836 | D:2      | Reached XP level 3. HP: 19/24 MP: 1/7
  2464 | D:2      | Noticed Zarlox's ghost (weakling GrFi)
  2466 | D:2      | Witnessed revenge of Zarlox's ghost on a goblin.
  2599 | D:2      | Reached skill level 5 in Long Blades
  2769 | D:2      | Reached XP level 4. HP: 21/29 MP: 0/8
  2823 | D:2      | Learned a level 2 spell: Shroud of Golubria
  3148 | D:3      | Found an iron altar of Okawaru.
  3529 | D:3      | Noticed atomic's ghost (weakling HuBe)
  3533 | D:3      | Witnessed revenge of atomic's ghost on an orc.
  3638 | D:3      | Noticed Robin
  3759 | D:3      | Reached skill level 6 in Long Blades
  4135 | D:2      | Killed Robin
  4135 | D:2      | Reached XP level 5. HP: 22/34 MP: 0/9
  5145 | D:3      | Found a sacrificial altar of Ru.
  5153 | D:3      | Reached skill level 7 in Long Blades
  5595 | D:4      | Noticed a centaur
  5780 | D:4      | Found Dyogasel's Assorted Antiques.
  5791 | D:4      | Bought a yellow potion for 26 gold pieces
  5946 | D:4      | Killed a centaur
  5946 | D:4      | Reached skill level 1 in Translocations
  5946 | D:4      | Reached XP level 6. HP: 32/39 MP: 2/11
  6083 | D:4      | Noticed Blork the orc
  6090 | D:4      | Killed Blork the orc
  6224 | D:4      | Noticed Natasha
  6242 | D:4      | Killed Natasha
  6324 | D:5      | Entered Level 5 of the Dungeon
  6526 | D:5      | Reached skill level 5 in Charms
  6576 | D:4      | Learned a level 3 spell: Spectral Weapon
  6587 | D:4      | Reached XP level 7. HP: 45/45 MP: 1/14
  6663 | D:4      | Noticed Natasha
  6671 | D:4      | Killed Natasha
  7443 | D:4      | Noticed Natasha
  7449 | D:4      | Killed Natasha
  8341 | D:4      | Reached skill level 8 in Long Blades
  8375 | D:4      | Learned a level 4 spell: Regeneration
  8447 | D:5      | Found a snail-covered altar of Cheibriados.
  8605 | D:5      | HP: 1/46 [gnoll/mace (6)]
  8703 | D:4      | Reached XP level 8. HP: 10/52 MP: 8/16
  8724 | D:4      | HP: 2/52 [poisoned by an adder]
  8732 | D:4      | HP: 2/52 [poisoned by an adder]
  9039 | D:4      | Reached skill level 5 in Spellcasting
  9946 | D:5      | Found a staircase to the Ecumenical Temple.
  9958 | Temple   | Entered the Ecumenical Temple
 10224 | Temple   | Became a worshipper of the Shining One
 10367 | D:5      | Found a bloodstained altar of Trog.
 11021 | D:6      | Reached skill level 9 in Long Blades
 11476 | D:6      | Reached skill level 5 in Fighting
 11935 | D:6      | Reached skill level 10 in Long Blades
 12842 | D:7      | Reached * piety under the Shining One
 12847 | D:7      | Reached skill level 5 in Dodging
 12976 | D:7      | Reached XP level 9. HP: 56/61 MP: 4/17
 13110 | D:7      | Found Qiodod's Jewellery Shop.
 13691 | D:7      | Found a three-legged altar of Ihp'ix.
 14329 | D:8      | Reached skill level 1 in Invocations
 14440 | D:8      | Noticed Harold
 14995 | D:8      | Found a shimmering altar of Xom.
 15472 | D:8      | Noticed a two-headed ogre
 15480 | D:8      | Killed a two-headed ogre
 15781 | D:8      | Noticed a two-headed ogre
 15792 | D:8      | Killed a two-headed ogre
 15792 | D:8      | Reached XP level 10. HP: 67/74 MP: 0/18
 15949 | D:8      | Gained mutation: You have sharp toenails. [mutagenic meat]
 15950 | D:8      | Gained mutation: Your system is resistant to poisons.
                  | (rPois) [mutagenic meat]
 15951 | D:8      | Gained mutation: You are clumsy. (Dex -2) [mutagenic meat]
 15952 | D:8      | Lost mutation: You have sharp toenails. [mutagenic meat]
 16053 | D:8      | Found a bloodstained altar of Trog.
 16489 | D:8      | Found a deep blue altar of Sif Muna.
 16589 | D:8      | HP: 3/74 [Harold/glaive (20)]
 16597 | D:8      | HP: 3/74 [Harold/glaive (22)]
 16598 | D:8      | Killed Harold
 16598 | D:8      | Reached skill level 10 in Fighting
 16915 | D:9      | Noticed Pikel
 16935 | D:9      | Killed Pikel
 16996 | D:9      | Reached skill level 11 in Long Blades
 17339 | D:9      | Noticed Joseph
 17589 | D:9      | Killed Joseph
 18212 | D:9      | Noticed an unseen horror
 18231 | D:9      | Killed an unseen horror
 18231 | D:9      | Reached skill level 12 in Long Blades
 18548 | D:9      | Reached ** piety under the Shining One
 18863 | D:9      | Found a staircase to the Lair.
 18874 | D:8      | Reached skill level 13 in Long Blades
 19025 | D:9      | Reached XP level 11. HP: 82/82 MP: 13/19
 19259 | D:9      | Found a staircase to the Orcish Mines.
 19294 | D:9      | Found a roughly hewn altar of Beogh.
 19754 | D:10     | Entered Level 10 of the Dungeon
 20102 | D:9      | Noticed Grum
 20112 | D:9      | Killed Grum
 20454 | D:10     | Noticed a two-headed ogre
 20463 | D:10     | Killed a two-headed ogre
 20463 | D:10     | Reached skill level 14 in Long Blades
 20597 | D:10     | Reached *** piety under the Shining One
 20926 | D:10     | Found Puwiuric's Weapon Boutique.
 21183 | D:9      | Reached skill level 1 in Shields
 21281 | Lair:1   | Entered Level 1 of the Lair of Beasts
 23042 | Lair:2   | Reached skill level 5 in Shields
 23044 | Lair:2   | Found a frozen archway.
 23053 | IceCv    | Entered an ice cave
 23323 | IceCv    | Noticed a death yak
 23331 | IceCv    | Reached XP level 12. HP: 88/88 MP: 9/20
 23351 | IceCv    | Killed a death yak
 23593 | IceCv    | Reached skill level 10 in Dodging
 24027 | IceCv    | Reached skill level 5 in Invocations
 24063 | IceCv    | Reached skill level 1 in Armour
 24214 | IceCv    | HP: 3/88 [ice beast[an ice statue] (4)]
 24726 | IceCv    | Noticed a frost giant
 24726 | IceCv    | Noticed a death yak
 24736 | IceCv    | HP: 1/89 [frost giant/battleaxe of freezing (25)]
 24738 | IceCv    | Annihilated by a frost giant

Vault maps used:
D:1:      eino_arrival_water_cross, ashenzari_altar_1
D:2:      first_bread
D:3:      okawaru_ov_weapons_minmay, nicolae_ru_sacrificial_ziggurat, uniq_robin
D:4:      serial_shops, shop_fountains, uniq_blork_the_orc, uniq_natasha
D:5:      cheibriados_altar_1, lemuel_crystal_altar,
          minmay_temple_entry_glassed_door
D:7:      lemuel_doored_altar, serial_shops, kennysheep_little_box
D:8:      lemuel_blue_sif_altar, basic_altar, trog_eyes_of_draining, uniq_harold
D:9:      old_forge, erik_lair_orcish_takeover, minmay_orc_entry_temple_small,
          serial_ice, serial_ice_b, serial_ice_k, serial_ice_g, serial_ice_m,
          serial_ice_n, uniq_pikel, uniq_grum, uniq_joseph
D:10:     serial_shops, shop
Temple:   dpeg_five_rooms_temple
Lair:1:   minivault_25
Lair:2:   minmay_guarded_unrand_snakebite, portal_ice_cave_rime
IceCv:    ice_cave_caverns_01

Skill      XL: |  1  2  3  4  5  6  7  8  9 10 11 12 |
---------------+-------------------------------------+-----
Long Blades    | 3 4 5 6 7 8 10 13 14 | 14.3
Spellcasting   | 3 4 5 |  5.0
Charms         | 4 5 7 |  7.0
Translocations | 1 2 |  2.0
Fighting       | 3 5 9 10 | 10.7
Dodging        | 4 5 9 10 | 10.0
Invocations    | 2 5 |  5.1
Shields        | 5 |  5.0
Armour         | 3 |  3.2

Action                   |  1- 3 |  4- 6 |  7- 9 | 10-12 || total
-------------------------+-------+-------+-------+-------++-------
Melee: Falchion          |    96 |   183 |   392 |   472 ||  1143
       Long sword        |       |       |       |   340 ||   340
Throw: Dart              |       |       |     3 |       ||     3
 Cast: * Infusion        |    39 |    54 |    76 |    98 ||   267
       * Song of Slaying |    16 |    54 |    75 |    59 ||   204
       * Shroud of Golub |       |    45 |    70 |    84 ||   199
       Spectral Weapon   |       |     1 |     6 |     6 ||    13
Invok: Divine Shield     |       |       |       |     3 ||     3
Evoke: Wand              |       |       |     7 |       ||     7
  Use: Scroll            |       |     4 |     7 |     6 ||    17
       Potion            |       |       |     1 |     4 ||     5
 Stab: Sleeping          |     1 |       |       |       ||     1
       Distracted        |       |       |     1 |       ||     1
  Eat: Chunk             |     6 |    12 |    19 |    30 ||    67
       Meat ration       |       |       |     1 |     1 ||     2
       Bread ration      |       |       |     1 |       ||     1
       Fruit             |       |       |       |     2 ||     2
Armor: Leather armour    |    24 |    36 |    59 |    16 ||   135
       Troll leather arm |       |       |       |    99 ||    99
Dodge: Dodged            |    54 |   125 |   222 |   396 ||   797
Block: Buckler           |       |       |       |   138 ||   138
       Rpst.: Falchion   |    25 |    43 |    57 |    62 ||   187
       Long sword        |       |       |       |    60 ||    60
* Casting counts for permanent charms are approximate representations of how often the player would have had to cast a non-permanent spell for the same benefits.

Table legend:
 A = Spawn XP
 B = Non-spawn XP
 C = Spawn XP percentage of total XP
 D = Spawn monster count
 E = Non-spawn monster count
 F = Spawn count percentage of total count
 G = Total turns spent on level
                    A         B        C        D         E        F      G
               +---------+---------+-------+---------+---------+-------+---------
         Total |    4482 |   25335 |  15.0 |      69 |     311 |  18.2 | 24738
               +---------+---------+-------+---------+---------+-------+---------
           D:1 |       5 |      32 |  13.5 |       4 |      20 |  16.7 |  1861
           D:2 |      29 |     107 |  21.3 |       9 |      33 |  21.4 |  2401
           D:3 |      13 |     113 |  10.3 |       1 |      26 |   3.7 |  1508
           D:4 |     187 |     565 |  24.9 |       8 |      21 |  27.6 |  2879
           D:5 |      40 |     503 |   7.4 |       5 |      14 |  26.3 |  1771
           D:6 |      33 |     884 |   3.6 |       5 |      29 |  14.7 |  1597
           D:7 |     247 |    1018 |  19.5 |      10 |      16 |  38.5 |  2452
           D:8 |    2178 |    1761 |  55.3 |       8 |      12 |  40.0 |  2058
           D:9 |     523 |    4041 |  11.5 |      15 |      44 |  25.4 |  3358
          D:10 |     872 |    1690 |  34.0 |       1 |      26 |   3.7 |  1147
        Lair:1 |     252 |    3070 |   7.6 |       2 |      15 |  11.8 |  1306
        Lair:2 |     103 |    2638 |   3.8 |       1 |      13 |   7.1 |   413
         IceCv |       0 |    8913 |   0.0 |       0 |      42 |   0.0 |  1685
               +---------+---------+-------+---------+---------+-------+---------
